 Dungeon Crawl Stone Soup version 0.21.1-1-g345015f (webtiles) character file.

201 n0claF the Conjurer (level 5, 0/41 HPs)
             Began as a Draconian Conjurer on July 4, 2018.
             Shot with an arrow by a centaur (15 damage)
             ... on level 4 of the Dungeon.
             The game lasted 00:11:40 (4403 turns).

n0claF the Conjurer (Draconian Conjurer)            Turns: 4403, Time: 00:11:41

Health: 0/41       AC:  5    Str: 10    XL:     5   Next: 50%
Magic:  5/9        EV: 12    Int: 17    God:
Gold:   155        SH:  0    Dex: 11    Spells: 2/9 levels left

rFire    . . .     SeeInvis .   s - +0 hunting sling
rCold    . . .     Gourm    .   (no shield)
rNeg     . . .     Faith    .   (armour unavailable)
rPois    .         Spirit   .   (helmet restricted)
rElec    .         Reflect  .   (no cloak)
rCorr    .         Harm     .   (no gloves)
MR       .....                  (no boots)
Stlth    ++........             (no amulet)
HPRegen  0.13/turn              (no ring)
MPRegen  0.11/turn              (no ring)

@: no status effects
A: unfitting armour, cold-blooded, AC +5
a: no special abilities


You were on level 4 of the Dungeon.
You were not hungry.

You visited 1 branch of the dungeon, and saw 4 of its levels.

You collected 155 gold pieces.

Inventory:

Hand Weapons
 s - a +0 hunting sling (weapon)
   (You took it off a hobgoblin on level 4 of the Dungeon)
Missiles
 d - 197 stones (quivered)
 t - 18 sling bullets
Jewellery
 i - an uncursed ring of stealth {unknown}
   (You took it off a kobold on level 1 of the Dungeon)
Scrolls
 a - 5 scrolls of teleportation {unknown}
 c - 2 scrolls of enchant weapon {unknown}
 h - 6 scrolls of identify {unknown}
 j - 2 scrolls of amnesia {unknown}
 n - a scroll of enchant armour {unknown}
 p - a scroll of immolation {unknown}
 q - a scroll of remove curse {unknown}
Potions
 f - a potion of magic {unknown}
 g - a potion of resistance {unknown}
 k - a potion of might {unknown}
 l - a potion of lignification {unknown}
 m - a potion of agility {unknown}
 o - 2 potions of curing {unknown}
Books
 e - a book of Conjurations {!d}
Comestibles
 b - 4 rations {!d}
 r - a chunk of flesh


   Skills:
 - Level 2.0 Fighting
 - Level 1.7 Dodging
 - Level 1.7 Stealth
 - Level 2.7 Spellcasting
 * Level 6.1 Conjurations


You had 2 spell levels left.
You knew the following spells:

 Your Spells              Type           Power        Failure   Level  Hunger
a - Magic Dart            Conj           ###.         1%          1    #......
b - Searing Ray           Conj           ###...       2%          2    ##.....
c - Iskenderun's Mystic   Conj           ###.....     14%         4    #####..


Dungeon Overview and Level Annotations

Branches:
Dungeon (4/15)
 Temple: D:4-7

Altars:
Yredelemnul

Annotations:
D:3 mrmercer's ghost, amateur DrBe


Innate Abilities, Weirdness & Mutations

Your plain brown scales are hard. (AC +5)
You cannot fit into any form of body armour.
You are cold-blooded and may be slowed by cold attacks.


Message History

The gnoll hits you from afar with a spear!
Aim: a gnoll, wielding a spear (moderately wounded)
The magic dart hits the gnoll.
The gnoll hits you from afar with a spear.
Things that are here:
a club; a goblin corpse
Aim: a gnoll, wielding a spear (moderately wounded)
The magic dart hits the gnoll.
The gnoll hits you from afar with a spear!
Aim: a gnoll, wielding a spear (severely wounded)
The magic dart hits the gnoll.
You kill the gnoll!
You start resting.
Eating one of 2 chunks of flesh.
You eat one of the 2 chunks of flesh.
You start resting.
All of the chunks of flesh in your inventory have rotted away.
A goblin comes into view. It is wielding a hunting sling.
Aim: a goblin, wielding a hunting sling (hasn't noticed you)
The magic dart hits the goblin.
You kill the goblin!
You start resting.
You see here a spear.
You butcher the goblin corpse.
r - a chunk of flesh
Things that are here:
a club; a goblin skeleton
Things that are here:
a club; a goblin skeleton
d - 197 stones (gained 21)
You see here a hunting sling.
You see here 7 poisoned javelins.
A centaur comes into view.
Aim: a centaur (hasn't noticed you)
The magic dart hits the centaur.
The centaur shouts!
You hear a shout!
The centaur wields a shortbow.
The centaur shoots an arrow.
The arrow barely misses you.
Aim: a centaur, wielding a shortbow The magic dart hits the centaur.
The centaur shoots an arrow.
The arrow hits you!
Aim: a centaur, wielding a shortbow The magic dart hits the centaur.
The centaur shoots an arrow.
The arrow misses you.
Aim: a centaur, wielding a shortbow (lightly wounded)
The magic dart hits the centaur.
The centaur shoots an arrow.
The arrow hits you!
* * * LOW HITPOINT WARNING * * *
The centaur shoots an arrow.
The arrow hits you but does no damage.
The centaur shoots an arrow.
The arrow hits you!
You die...

≈≈≈≈≈≈≈≈≈≈≈≈≈≈≈≈≈≈≈≈......≈≈≈≈≈
≈≈≈≈≈≈≈≈≈≈≈≈≈≈≈≈≈≈≈≈≈..g.≈≈≈≈≈≈
≈≈≈≈≈≈≈≈≈≈≈≈≈≈≈≈≈≈≈≈≈.)...≈≈≈≈≈
.≈≈≈≈..≈.≈≈≈≈≈.≈..≈.≈.....≈≈≈.≈
...............)...............
...............................
#.##################.#..##.##.#
..# ######.c.## ... #g#
#.@(.....######. #.#
#.#####........
#.#############(# #.######.
#......).)).....# #.#
#.#############)# #.# #.#
#<#####.# #.# #>......# #.#
######### ..#


You could see a centaur.

Vanquished Creatures
  A howler monkey (D:4)
  A bullfrog skeleton (D:4)
  2 gnolls
  5 adders
  A worm (D:2)
  2 dart slugs
  6 bats
  2 giant cockroaches (D:2)
  13 goblins
  5 hobgoblins
  6 jackals
  3 quokkas
  A frilled lizard (D:4)
  7 kobolds
  9 rats
64 creatures vanquished.

Notes
Turn   | Place    | Note
-------+----------+-------------------------------------------
     0 | D:1      | n0claF the Draconian Conjurer began the quest for the Orb.
     0 | D:1      | Reached XP level 1. HP: 14/14 MP: 3/3
   489 | D:1      | Reached XP level 2. HP: 2/22 MP: 0/5
  1413 | D:2      | Reached skill level 1 in Fighting
  1490 | D:2      | Learned a level 2 spell: Searing Ray
  1571 | D:2      | Reached XP level 3. HP: 27/28 MP: 0/6
  2028 | D:2      | Reached XP level 4. HP: 36/36 MP: 4/7
  2097 | D:2      | Found a basalt altar of Yredelemnul.
  2538 | D:3      | Reached skill level 5 in Conjurations
  2909 | D:3      | Noticed mrmercer's ghost (amateur DrBe)
  3236 | D:2      | Learned a level 4 spell: Iskenderun's Mystic Blast
  3975 | D:4      | Reached XP level 5. HP: 24/41 MP: 0/9
  4164 | D:4      | Reached skill level 6 in Conjurations
  4399 | D:4      | Noticed a centaur
  4403 | D:4      | Shot with an arrow by a centaur

Skill      XL: |  1  2  3  4  5 |
---------------+----------------+-----
Fighting       | 1 2 |  2.0
Conjurations   | 5 6 |  6.1
Dodging        | |  1.7
Stealth        | |  1.7
Spellcasting   | |  2.7

Action                   |  1- 3 |  4- 6 || total
-------------------------+-------+-------++-------
Melee: Unarmed           |    56 |    13 ||    69
       Tailslap          |     5 |     2 ||     7
 Fire: Hunting sling     |       |     7 ||     7
 Cast: Magic Dart        |    55 |    73 ||   128
       Searing Ray       |     1 |     1 ||     2
       Iskenderun's Myst |       |     3 ||     3
  Eat: Chunk             |     4 |     5 ||     9
       Ration            |       |     1 ||     1
Armor: Skin              |    25 |     6 ||    31
Dodge: Dodged            |    48 |    23 ||    71
